 Dungeon Crawl Stone Soup version 0.22-a0-799-g88f5e907b7 (webtiles) character file.

1281 Holzbalken the Basher (level 8, -10/46 HPs)
             Began as a Gargoyle Monk on July 21, 2018.
             Was a Believer of Qazlal.
             Mangled by a large slime creature (22 damage)
             ... on level 5 of the Dungeon.
             The game lasted 00:14:05 (4312 turns).

Holzbalken the Basher (Gargoyle Monk)               Turns: 4312, Time: 00:14:06

Health: -10/46     AC: 14    Str: 17    XL:     8   Next: 54%
Magic:  8/8        EV:  5    Int: 11    God:    Qazlal [**....]
Gold:   213        SH:  3    Dex: 12    Spells: 7/7 levels left

rFire    . . .     SeeInvis .   d - +0 morningstar
rCold    . . .     Gourm    .   (no shield)
rNeg     + . .     Faith    .   u - +0 plate armour
rPois    ∞         Spirit   .   (no helmet)
rElec    +         Reflect  .   (no cloak)
rCorr    .         Harm     .   (no gloves)
MR       +....                  o - +2 pair of boots
Stlth    ..........             k - amulet of regeneration
HPRegen  0.55/turn              y - ring of protection from magic
MPRegen  0.11/turn              n - ring of wizardry

@: corroded
A: negative energy resistance 1, electricity resistance, unbreathing,
petrification resistance, rot immunity, AC +5
a: Upheaval, Renounce Religion


You were on level 5 of the Dungeon.
You worshipped Qazlal.
Qazlal was pleased with you.
You were not hungry.

You visited 2 branches of the dungeon, and saw 6 of its levels.

You collected 213 gold pieces.

Inventory:

Hand Weapons
 d - a +0 morningstar (weapon)
Missiles
 f - 7 exploding tomahawks (quivered)
Armour
 o - a +2 pair of boots (worn)
 u - a +0 plate armour (worn)
Jewellery
 k - an amulet of regeneration (around neck)
 n - a ring of wizardry (right hand)
 y - a ring of protection from magic (left hand)
Wands
 b - a wand of acid (2)
 s - a wand of iceblast (3)
Scrolls
 i - 2 scrolls of remove curse
 j - 2 scrolls of blinking
 r - a scroll of teleportation
Potions
 a - a potion of flight {unknown}
 g - a potion of mutation {unknown}
 h - a potion of resistance {unknown}
 l - a potion of heal wounds
 m - a potion of haste {unknown}
 p - 3 potions of curing
 q - a potion of brilliance {unknown}
 t - a potion of magic {unknown}
 v - a potion of degeneration {unknown}
 w - a potion of might {unknown}
 z - a potion of lignification {unknown}
Comestibles
 c - 11 rations
 x - a chunk of flesh


   Skills:
 - Level 3.2 Fighting
 + Level 10.4 Maces & Flails
 - Level 2.4 Dodging
 - Level 2.1 Stealth


You had 7 spell levels left.
You didn't know any spells.
Your spell library was empty.

Dungeon Overview and Level Annotations

Branches:
Dungeon (5/15)             Temple (1/1) D:5

Altars:
Ashenzari
Cheibriados
Dithmenos
Elyvilon
Fedhas
Gozag
Hepliaklqana
Kikubaaqudgha
Makhleb
Nemelex Xobeh
Okawaru
Qazlal
Ru
Sif Muna
Trog
Uskayaw
Vehumet
Wu Jian
Xom
Yredelemnul
Zin
The Shining One


Innate Abilities, Weirdness & Mutations

You are resistant to torment.
Your stone body is resilient. (AC +5)
You are immune to poison.
You resist negative energy. (rN+)
You are resistant to electric shocks. (rElec)
You can survive without breathing.
You are immune to petrification.
You are immune to rotting.


Message History

The jelly is heavily wounded.
The jelly jiggles.
A slime creature comes into view.
You hit the slime creature but do no damage.
You barely miss the slime creature. The slime creature hits you.
You hit the slime creature.
The slime creature is lightly wounded.
The slime creature hits you.
A slime creature suddenly becomes a large slime creature.
You sock the large slime creature!
The large slime creature is lightly wounded.
You puncture the large slime creature!
The large slime creature is lightly wounded.
The large slime creature hits you!!
Ouch! That really hurt!
* * * LOW HITPOINT WARNING * * *
You feel much better. The large slime creature hits you!
* * * LOW HITPOINT WARNING * * *
You feel better. The large slime creature hits you!!
You die...

##...# ### #....#
##.####### #....##
#.#.#....###...p.#
#.#.#.....##.....#
#)#'#......'.....#
#.#........'......
#.#........'......
#@#)......##......
PPP..JJ##......###......
..÷.÷J# ##########......
###### ####...).p.
.......†).. .......)...
..#....÷..# ........(##
........(..


You could see a large slime creature, a jelly and an ooze.

Vanquished Creatures
  Pikel (D:4)
  Grinder (D:3)
  An ogre (D:4)
  3 big kobolds (D:5)
  A scorpion (D:4)
  2 hounds
  Terence (D:1)
  2 orc wizards (D:4)
  A worker ant (D:5)
  4 adders
  2 gnolls (D:3)
  A shadow imp (D:5)
  2 oozes
  2 worms (D:2)
  4 dart slugs
  4 leopard geckos
  4 orcs
  4 giant cockroaches
  11 goblins
  9 hobgoblins
  14 jackals
  A quokka (D:5)
  5 bats
  2 frilled lizards
  11 kobolds
  3 rats
96 creatures vanquished.

Vanquished Creatures (others)
  Blork the orc (D:5)
  A fungus (D:5)
  10 toadstools (D:5)
12 creatures vanquished.

Grand Total: 108 creatures vanquished

Notes
Turn   | Place    | Note
-------+----------+-------------------------------------------
     0 | D:1      | Holzbalken the Gargoyle Monk began the quest for the Orb.
     0 | D:1      | Reached XP level 1. HP: 14/14 MP: 1/1
    61 | D:1      | Reached XP level 2. HP: 17/19 MP: 2/2
   318 | D:1      | Reached skill level 4 in Maces & Flails
   325 | D:1      | Reached XP level 3. HP: 13/23 MP: 3/3
   764 | D:2      | Noticed Terence
   794 | D:1      | Killed Terence
   794 | D:1      | Reached XP level 4. HP: 5/28 MP: 4/4
   796 | D:1      | HP: 1/28 [hobgoblin/club (4)]
  1120 | D:2      | Reached skill level 5 in Maces & Flails
  1713 | D:2      | Reached XP level 5. HP: 31/32 MP: 5/5
  2146 | D:3      | Found a stormy altar of Qazlal.
  2165 | D:3      | Became a worshipper of Qazlal Stormbringer
  2165 | D:3      | Reached * piety under Qazlal
  2165 | D:3      | Reached ** piety under Qazlal
  2222 | D:3      | Noticed Grinder
  2237 | D:3      | Paralysed by Grinder for 3 turns
  2246 | D:3      | Killed Grinder
  2246 | D:3      | Reached skill level 7 in Maces & Flails
  2246 | D:3      | Reached XP level 6. HP: 23/37 MP: 6/6
  2438 | D:3      | Found an iron altar of Okawaru.
  3162 | D:4      | Reached XP level 7. HP: 33/41 MP: 7/7
  3454 | D:4      | Found a sparkling altar of Nemelex Xobeh.
  3470 | D:4      | Reached skill level 8 in Maces & Flails
  3742 | D:5      | Entered Level 5 of the Dungeon
  3743 | D:5      | Noticed Pikel
  3743 | D:5      | Noticed Blork the orc
  3755 | D:4      | Killed Pikel
  3755 | D:4      | Reached skill level 9 in Maces & Flails
  3755 | D:4      | Reached XP level 8. HP: 43/46 MP: 8/8
  3766 | D:5      | Killed Blork the orc
  3968 | D:5      | Found a staircase to the Ecumenical Temple.
  3974 | Temple   | Entered the Ecumenical Temple
  4226 | D:5      | Reached skill level 10 in Maces & Flails
  4299 | D:5      | Noticed a slime creature
  4306 | D:5      | Noticed a slime creature
  4312 | D:5      | Mangled by a large slime creature

Vault maps used:
D:1:      scummos_arrival_hexagon
D:2:      minmay_vboxes, uniq_terence
D:3:      grunt_qazlal_clouds, first_ration, okawaru_altar_gauntlet_db,
          uniq_grinder
D:4:      nemelex_spade_bored_becter
D:5:      cheibrodos_fertilizer, minmay_temple_entry_enclosed_plants,
          serial_shops, kennysheep_mini, uniq_pikel, uniq_blork_the_orc
Temple:   kilobyte_greek_temple

Skill      XL: |  1  2  3  4  5  6  7  8 |
---------------+-------------------------+-----
Maces & Flails | 4 5 7 9 10 | 10.4
Fighting       | |  3.2
Dodging        | |  2.4
Stealth        | |  2.1

Action                   |  1- 3 |  4- 6 |  7- 9 || total
-------------------------+-------+-------+-------++-------
Melee: Mace              |    98 |     3 |       ||   101
       Morningstar       |       |   185 |   107 ||   292
  Use: Scroll            |       |     4 |     4 ||     8
       Potion            |       |       |     2 ||     2
 Stab: Sleeping          |     1 |       |       ||     1
       Distracted        |       |       |     1 ||     1
  Eat: Chunk             |       |     7 |     4 ||    11
Armor: Robe              |    19 |       |       ||    19
       Ring mail         |    26 |     1 |       ||    27
       Scale mail        |       |    64 |       ||    64
       Plate armour      |       |    91 |    88 ||   179
Dodge: Dodged            |    64 |    94 |    23 ||   181
Block: Other             |       |    12 |     8 ||    20

Table legend:
 A = Spawn XP
 B = Non-spawn XP
 C = Spawn XP percentage of total XP
 D = Spawn monster count
 E = Non-spawn monster count
 F = Spawn count percentage of total count
 G = Total turns spent on level
                    A         B        C        D         E        F      G
               +---------+---------+-------+---------+---------+-------+---------
         Total |       0 |    1830 |   0.0 |       0 |      96 |   0.0 |  4312
               +---------+---------+-------+---------+---------+-------+---------
           D:1 |       0 |      89 |   0.0 |       0 |      28 |   0.0 |  1082
           D:2 |       0 |      83 |   0.0 |       0 |      30 |   0.0 |   989
           D:3 |       0 |     317 |   0.0 |       0 |      17 |   0.0 |   916
           D:4 |       0 |     966 |   0.0 |       0 |       9 |   0.0 |   763
           D:5 |       0 |     375 |   0.0 |       0 |      12 |   0.0 |   427
               +---------+---------+-------+---------+---------+-------+---------
